[Event "Live Chess"]
[Site "Chess.com"]
[Date "2024.06.01"]
[Round "-"]
[White "Cimon"]
[Black "booktrunk"]
[Result "1-0"]
[WhiteElo "1828"]
[BlackElo "1395"]
[TimeControl "300"]
[EndTime "13:48:51 PDT"]
[Termination "Cimon won by checkmate"]

1. d4 b6 2. e4 Bb7 3. Nd2 e6 4. Ngf3 h6 5. Bd3 Nf6 6. Qe2 Be7 7. c3 d6 8. O-O Nbd7 9. c4 O-O 10. h3 Kh8 11. e5 Ng8 12. Ne4 dxe5 13. dxe5 Rb8 14.
Rd1 Qe8 15. a3 Nc5 16. Nxc5 Bxc5 17. b4 Bxf3 18. Qxf3 Be7 19. Qe4 g6 20. Be3 f5 21.
exf6 Rxf6 22. Bd4 Qf7 23. Rac1 Kh7 24. Bxf6 Nxf6 25. Qe3 Bd6 26. c5 bxc5 27. bxc5 Be7 28. Rb1 Rxb1 29. Rxb1 Nd5 30. Qd4 Bf6 31. Qa4 Nc3 32.
Qxa7 Nxb1 33. Bxb1 Qd7 34. Kh2 Bd4 35. Be4 Be5+ 36.
g3 Qd2 37. Kg2 Qd4 38. Bf3 Bd6 39. Qa6 Bxc5 40. Qe2 e5 41. Be4 Bxa3 42. Qf3 Kg7 43. Bd5 h5 44. Qf7+ Kh6 45. h4 Bc5 46. Be6 Qe4+ 47. Kh2 Qc6 48. Qg8 Bf8 49. Qh8# 1-0

[Event "Live Chess"]
[Site "Chess.com"]
[Date "2024.06.01"]
[Round "-"]
[White "alicechristina"]
[Black "Stanbad1"]
[Result "0-1"]
[WhiteElo "1933"]
[BlackElo "2638"]
[TimeControl "300"]
[EndTime "13:48:52 PDT"]
[Termination "Stanbad1 won by resignation"]

1. c4 Nf6 2. Nc3 g6 3. e4 Bg7 4. g3 d6 5. Bg2 O-O 6. Nge2 c5 7.
O-O Nc6 8. Rb1 Rb8 9. a3 a6 10. b4 cxb4 11. axb4 b5 12. cxb5 axb5 13. d4 Bg4 14. d5 Ne5 15. f4 Nc4 16. h3 Bxe2 17.
Qxe2 Nh5 18. Qf3 f5 19. g4 fxg4 20. hxg4 Nxf4 21. Bxf4 g5 22. Ne2 gxf4 23. Nxf4 Nd2 24. Qg3 Nxf1 25. Bxf1 Be5 0-1

[Event "Live Chess"]
[Site "Chess.com"]
[Date "2024.06.01"]
[Round "-"]
[White "kylet1990"]
[Black "road2gm5000"]
[Result "0-1"]
[WhiteElo "736"]
[BlackElo "1082"]
[TimeControl "300"]
[EndTime "13:48:52 PDT"]
[Termination "road2gm5000 won by checkmate"]

1. e4 c6 2. Nc3 d5 3. exd5 cxd5 4. Nf3 Bg4 5. d4 Nc6 6. Bf4 Nf6 7. h3 Bxf3 8. Qxf3 e6 9. O-O-O Bd6 10. Bxd6 Qxd6 11.
Bb5 O-O 12. Bxc6 Qxc6 13. g4 Rac8 14. h4 b5 15. g5 Nd7 16. h5 b4 17. b3 Qxc3 18.
Rd2 Qa1# 0-1

[Event "Live Chess"]
[Site "Chess.com"]
[Date "2024.06.01"]
[Round "-"]
[White "Kyrylo7770"]
[Black "chessfiction"]
[Result "0-1"]
[WhiteElo "1632"]
[BlackElo "2374"]
[TimeControl "300"]
[EndTime "13:49:18 PDT"]
[Termination "chessfiction won by checkmate"]

1. d4 Nf6 2. Nf3 g6 3. c4 Bg7 4.
Bg5 O-O 5. h4 h6 6. Bxf6 Bxf6 7.
h5 g5 8. e3 Re8 9. Bd3 d6 10.
O-O Nc6 11. Bc2 e5 12. dxe5 dxe5 13. Nc3 Be6 14. Qd3 Qxd3 15. Bxd3 Nb4 16. Be2 Bg4 17. Ne4 Bg7 18. b3 f5 19. Nc5 e4 20. Rfd1 exf3 21. gxf3 Bxh5 22. Kg2 Bxa1 23. Rxa1 Rad8 24. Nxb7 Rd2 25.
Bf1 Nc2 26. Rc1 Nxe3+ 27. Kg3 Nxf1+ 28. Rxf1 f4+ 29. Kg2 Ree2 30. Nc5 g4 31. fxg4 Bxg4 32. Na4 h5 33. Nc3 h4 34. Nxe2 Rxe2 35. Rd1 Rxf2+ 36.
Kxf2 Bxd1 37. Ke1 h3 38. Kf2 h2 39. Kg2 Kf7 40. a4 Kf6 41. b4 Ke5 42. c5 Kd5 43.
Kxh2 Kc4 44. Kg2 Kxb4 45. Kf2 Kxc5 46. Ke1 Kb4 47. Kxd1 Kxa4 48. Ke2 Kb3 49. Kf3 c5 50.
Kxf4 c4 51. Ke3 c3 52. Kd3 Kb2 53. Ke2 c2 54. Ke3 a5 55. Kd4 a4 56. Kc4 a3 57.
Kb4 a2 58. Kb5 a1=Q 59. Kb4 c1=Q 60. Kb5 Qg5+ 61. Kb6 Qaa5+ 62. Kb7 Qgd5+ 63. Kb8 Qb6+ 64. Kc8 Qde6# 0-1

[Event "Live Chess"]
[Site "Chess.com"]
[Date "2024.06.01"]
[Round "-"]
[White "Ferrarifan27"]
[Black "cymbalshift"]
[Result "1-0"]
[WhiteElo "2059"]
[BlackElo "1590"]
[TimeControl "300"]
[EndTime "13:49:29 PDT"]
[Termination "Ferrarifan27 won by resignation"]

1. e4 e5 2. Nf3 Nc6 3. Bb5 a6 4. Ba4 Nf6 5. O-O Be7 6. Re1 b5 7. Bb3 d6 8. c3 O-O 9. h3 Na5 10. Bc2 c5 11. d4 Qc7 12. Nbd2 Bd7 13. Nf1 Rfc8 14. d5 Nc4 15. Ng3 Bf8 16. b3 Nb6 17. Bg5 Qd8 18. Nh5 Be7 19. Ng3 h6 20. Be3 Bf8 21. Qd2 Kh7 22. a4 g6 23. a5 1-0

[Event "Live Chess"]
[Site "Chess.com"]
[Date "2024.06.01"]
[Round "-"]
[White "Pablo_dmp"]
[Black "Tushinskiy"]
[Result "0-1"]
[WhiteElo "2009"]
[BlackElo "2268"]
[TimeControl "300"]
[EndTime "13:50:03 PDT"]
[Termination "Tushinskiy won by resignation"]

1. e4 e5 2. Nf3 d6 3. Bc4 Bg4 4. Nc3 Nf6 5. h3 Bh5 6. g4 Bg6 7. d3 Nbd7 8. Rg1 Be7 9. h4 h5 10. g5 Bh7 11. gxf6 Bxf6 12. Bg5 c6 13. Bxf6 Qxf6 14.
Ng5 Bg6 15. Qf3 Qe7 16. O-O-O Nf6 17. Ne6 fxe6 18. Rxg6 d5 19. exd5 exd5 20. Bb3 O-O-O 21. Rdg1 Rhg8 22. Qf5+ Kb8 23. Re1 Rde8 24. Rg5 Rgf8 25.
Rxe5 Qc7 26. Rxe8+ Rxe8 27. Nd1 a6 28. Qf3 Ka8 29. Ne3 Qh2 30. Rxg7 Qxh4 31. Rg1 Qh2 32. Rd1 Qe5 33. d4 Qe6 34. Qf5 Qe7 35. c3 Rf8 36. Qe5 Qd8 37. Nf5 Ne4 38. Qe7 Qxe7 39. Nxe7 Rxf2 40. Nxd5 cxd5 41. Bxd5 Ng3 42. Rg1 Ne2+ 43.
Kb1 Nxg1 0-1

[Event "Live Chess"]
[Site "Chess.com"]
[Date "2024.06.01"]
[Round "-"]
[White "IanCalvert2"]
[Black "WorcesterYork"]
[Result "0-1"]
[WhiteElo "1600"]
[BlackElo "2501"]
[TimeControl "300"]
[EndTime "13:50:03 PDT"]
[Termination "WorcesterYork won on time"]

1. b3 a5 2. c4 a4 3. bxa4 e6 4. Nc3 Nf6 5. g3 Bb4 6. Bb2 d6 7. Bg2 Nbd7 8. Nf3 Nc5 9. O-O O-O 10. d4 Bxc3 11. Bxc3 Nxa4 12. Qb3 Nxc3 13. Qxc3 Ra7 14.
Nd2 Bd7 15. Ne4 Nxe4 16. Bxe4 Qa8 17. Qc2 h6 18. Rfb1 Rb8 19. c5 d5 20. Bd3 Ra3 21. Rb3 Bc6 22. Qb2 Ra4 23. e3 Qa5 24. Bb5 Bxb5 25. Rxb5 Qa6 26. Rb1 Rxa2 27. Qb3 Ra1 28.
Kg2 Rxb1 29. Qxb1 g6 30. Qb4 Kg7 31. Qb2 Qc6 32. h4 g5 33. hxg5 hxg5 34. Rb3 Qa6 35. Ra3 Qc4 36. Rc3 Qa4 37. Ra3 Qd1 38. Rb3 Rh8 0-1

[Event "Live Chess"]
[Site "Chess.com"]
[Date "2024.06.01"]
[Round "-"]
[White "LL220284LL"]
[Black "KeithArkell"]
[Result "1/2-1/2"]
[WhiteElo "2553"]
[BlackElo "2460"]
[TimeControl "300"]
[EndTime "13:50:25 PDT"]
[Termination "Game drawn by repetition"]

1. e3 c5 2. b3 d5 3. Bb2 Nc6 4. Nf3 Nf6 5. Be2 g6 6. O-O Bg7 7. d3 O-O 8. Nbd2 Re8 9. Ne5 Nxe5 10. Bxe5 Nd7 11. Bxg7 Kxg7 12. Nf3 e5 13. Qc1 b6 14.
Qb2 Bb7 15. Rad1 Qf6 16. Nd2 Rad8 17. Bf3 e4 18. Qxf6+ Nxf6 19. dxe4 Nxe4 20. Bxe4 dxe4 21. Nb1 Kf6 22. c4 Ke5 23. Nc3 Bc6 24. Rfe1 f5 25.
g3 g5 26. Kf1 h5 27. Ke2 h4 28. Rxd8 Rxd8 29. Rd1 Rh8 30. a3 a5 31. Rb1 hxg3 32. hxg3 f4 33. gxf4+ gxf4 34. exf4+ Kxf4 35. Rg1 Rh3 36. Rg3 Rh6 37. Rg7 Rd6 38. Rb7 Rd3 39. Rxb6 Rxc3 40. Rxc6 Rxb3 41. Rxc5 Rxa3 42. Rc8 Ra2+ 43. Ke1 a4 44. c5 Rc2 45. Ra8 Rc4 46. c6 Kf3 47.
Rf8+ Kg2 48. Rg8+ Kf3 49. Rf8+ Kg4 50. Ra8 Kf3 51. Rf8+ 1/2-1/2

[Event "Live Chess"]
[Site "Chess.com"]
[Date "2024.06.01"]
[Round "-"]
[White "Duke_of_Bebington"]
[Black "agamilewska"]
[Result "0-1"]
[WhiteElo "1613"]
[BlackElo "1767"]
[TimeControl "300"]
[EndTime "13:50:47 PDT"]
[Termination "agamilewska won by checkmate"]

1. e4 c5 2. c3 e6 3. d4 cxd4 4. cxd4 d5 5. Nd2 dxe4 6. Nxe4 Nf6 7. Nxf6+ Qxf6 8. Nf3 Bb4+ 9. Bd2 Bxd2+ 10. Qxd2 O-O 11. Bb5 b6 12. Ne5 Bb7 13. O-O a6 14. Ba4 b5 15.
Bc2 Rd8 16. Qd3 g6 17. Rad1 Nc6 18. Nxc6 Bxc6 19. Rfe1 Qg5 20. Qg3 Qxg3 21. hxg3 Rac8 22. Bb3 a5 23. a3 a4 24. Ba2 Bd5 25. Bxd5 Rxd5 26. Re2 Rc4 27. Red2 f5 28. Kf1 Kf7 29. Ke2 Kf6 30. Ke3 h5 31. f4 g5 32. Rh1 Kg6 33. Rg1 b4 34. axb4 Rxb4 35. Rc1 Rb3+ 36.
Rc3 Rdb5 37. Rxb3 Rxb3+ 38. Kf2 gxf4 39. gxf4 h4 40. Kg1 Kh5 41. Kh2 Kg4 42. d5 exd5 43.
Rxd5 Rxb2 44. Rd4 a3 45. Ra4 a2 46. Ra7 Kxf4 47. Kh3 Rb1 48. Rxa2 Rh1# 0-1

[Event "Live Chess"]
[Site "Chess.com"]
[Date "2024.06.01"]
[Round "-"]
[White "Delacorta"]
[Black "Zhevzh1k7"]
[Result "1-0"]
[WhiteElo "1556"]
[BlackElo "1098"]
[TimeControl "300"]
[EndTime "13:50:51 PDT"]
[Termination "Delacorta won on time"]

1. d3 d5 2. e4 dxe4 3. dxe4 Qxd1+ 4. Kxd1 Nc6 5. Nc3 Be6 6. Nb5 O-O-O+ 7. Bd3 Nf6 8. f3 Bc4 9. Ke2 Bxd3+ 10. cxd3 e5 11. Be3 a6 12. Nc3 Bb4 13. Rc1 Nd4+ 14. Kf2 Bxc3 15. Rxc3 Nb5 16. Rc2 Rxd3 17. Ne2 Rhd8 18.
Rhc1 c6 19. Ng3 Nd4 20. Bxd4 R8xd4 21. Nf5 Rd2+ 22. Rxd2 Rxd2+ 23. Ke3 Rxg2 24. h4 g6 25. Nh6 Rxb2 26. Nxf7 Rxa2 27. Nxe5 Ra3+ 28. Kf4 b5 29. Nxc6 Kd7 30. Ne5+ Ke6 31. Rc6+ Ke7 32. Rc7+ Kd6 33. Rf7 Nh5+ 34. Kg5 Kxe5 35. Rxh7 Rxf3 36. Kxg6 Nf6 37.
Re7+ Kd6 38. Rf7 Nd7 39. Rxf3 Ne5+ 40. Kg7 Nxf3 41. h5 b4 42. h6 Ng5 43. Kg6 b3 44. Kxg5 b2 45. h7 b1=Q 46. h8=Q Qg1+ 47. Kf5 Qf2+ 48.
Kg4 Qe2+ 49. Kf5 Qf3+ 50. Kg6 Qxe4+ 51. Kf7 Qe7+ 52. Kg6 Qe4+ 53. Kg5 Qg2+ 54. Kf4 Qd2+ 55. Kf3 Qd1+ 56. Kf4 Qf1+ 57. Ke3 Qe1+ 58. Kf3 Qf1+ 59. Ke3 Qc1+ 60. Kf3 Qa3+ 61. Ke2 Qa2+ 62. Kf3 Qa3+ 63. Kg4 Qb4+ 64. Kg5 Qd2+ 65. Kg6 Qg2+ 66. Kf5 Qf2+ 67.
Ke4 Qe1+ 68. Kf5 1-0

[Event "Live Chess"]
[Site "Chess.com"]
[Date "2024.06.01"]
[Round "-"]
[White "AndrewBak1"]
[Black "oscalik"]
[Result "0-1"]
[WhiteElo "1848"]
[BlackElo "2345"]
[TimeControl "300"]
[EndTime "13:50:57 PDT"]
[Termination "oscalik won by resignation"]

1. e4 e5 2. Nf3 Nc6 3. Bc4 d6 4. O-O Be6 5. Bxe6 fxe6 6. c3 Qd7 7. d4 exd4 8. cxd4 O-O-O 9. Nc3 Kb8 10. d5 Nce7 11.
Ng5 exd5 12. Nf7 dxe4 13. Nxh8 Qf5 14. f3 Qc5+ 15. Kh1 e3 16. Nf7 Re8 17. Ne4 Qh5 18. Nfxd6 cxd6 19. Qxd6+ Ka8 20. Bxe3 Nd5 21. Qa3 Bxa3 0-1

[Event "Live Chess"]
[Site "Chess.com"]
[Date "2024.06.01"]
[Round "-"]
[White "dl_chess"]
[Black "PatientChessPapa"]
[Result "1-0"]
[WhiteElo "1184"]
[BlackElo "802"]
[TimeControl "300"]
[EndTime "13:50:59 PDT"]
[Termination "dl_chess won on time"]

1. e4 e5 2. Nc3 Nf6 3. f4 d5 4. fxe5 Nxe4 5. Qf3 Nc6 6. Nxe4 Nd4 7. Qc3 dxe4 8. Ne2 c5 9. d3 exd3 10. cxd3 Be7 11.
Be3 Ne6 12. Ng3 b6 13. Be2 O-O 14. O-O Nd4 15. Bxd4 cxd4 16. Qc2 Bb7 17. Rac1 Qd5 18. Bf3 Qd7 19. Qe2 Bh4 20. Bxb7 Qxb7 21. Qg4 Bxg3 22.
Qxg3 Rfe8 23. Rce1 1-0

[Event "Live Chess"]
[Site "Chess.com"]
[Date "2024.06.01"]
[Round "-"]
[White "Ferrarifan27"]
[Black "McFim"]
[Result "1-0"]
[WhiteElo "2060"]
[BlackElo "1588"]
[TimeControl "300"]
[EndTime "13:51:21 PDT"]
[Termination "Ferrarifan27 won by resignation"]

1. e4 c6 2. d4 d5 3. e5 Bf5 4. h4 h5 5. Bg5 Qd7 6. Nf3 e6 7. Bd3 Bxd3 8. Qxd3 g6 9. O-O Ne7 10. Nbd2 a6 11. Bf6 Rg8 12. c4 dxc4 13. Nxc4 Nf5 14.
Nb6 1-0

[Event "Live Chess"]
[Site "Chess.com"]
[Date "2024.06.01"]
[Round "-"]
[White "jk0110"]
[Black "cymbalshift"]
[Result "1-0"]
[WhiteElo "1236"]
[BlackElo "1521"]
[TimeControl "300"]
[EndTime "13:51:26 PDT"]
[Termination "jk0110 won by resignation"]

1. e4 e5 2. Nf3 Nc6 3. d4 exd4 4. Bc4 Nf6 5. O-O Nxe4 6. Nc3 dxc3 7. Bxf7+ Kxf7 8.
Qd5+ Kf6 9. Qxe4 d5 10. Bg5+ Kf7 11. Qf4+ 1-0

[Event "Live Chess"]
[Site "Chess.com"]
[Date "2024.06.01"]
[Round "-"]
[White "Sweet-O"]
[Black "GEMdzq"]
[Result "0-1"]
[WhiteElo "1549"]
[BlackElo "2319"]
[TimeControl "300"]
[EndTime "13:51:46 PDT"]
[Termination "GEMdzq won by resignation"]

1. d4 Nf6 2. Nc3 e6 3. Bf4 c5 4. d5 exd5 5. Nxd5 Nxd5 6. Qxd5 Nc6 7. e4 d6 8. Bc4 Be6 9. Qd3 Be7 10. O-O-O O-O 11. Bxd6 Bxd6 12. Bxe6 Bf4+ 13. Kb1 fxe6 14. Qe2 Nd4 15. Qg4 Qf6 16. c3 Nc6 17. Nf3 Rad8 18. g3 Bh6 19. Nh4 Rxd1+ 20. Rxd1 Ne5 21. Qe2 Qxf2 22. Qb5 b6 23. Qb3 c4 24. Qb5 Nd3 25. a4 a6 26. Qxb6 Qxb6 0-1

[Event "Live Chess"]
[Site "Chess.com"]
[Date "2024.06.01"]
[Round "-"]
[White "Isambard_Thomas"]
[Black "koekoekoe"]
[Result "0-1"]
[WhiteElo "2162"]
[BlackElo "2042"]
[TimeControl "300"]
[EndTime "13:51:58 PDT"]
[Termination "koekoekoe won by resignation"]

1. d4 Nf6 2. Nf3 d5 3. Bg5 Bf5 4. e3 e6 5. Bd3 Bxd3 6. Qxd3 c6 7. c3 Nbd7 8. Nbd2 Bd6 9. O-O-O h6 10. Bf4 Bxf4 11.
exf4 Qa5 12. Ne5 Qxa2 13. f3 Nb6 14. Qb1 Qxb1+ 15. Kxb1 Nfd7 16. Rhe1 Nxe5 17. Rxe5 Kd7 18. Rde1 Rae8 19. Kc2 Nc8 20. Nb3 b6 21. Ra1 a5 22.
Nc1 Nd6 23. Nd3 Ra8 24. Ree1 a4 25. Ne5+ Kc7 26. Ra3 b5 27. h3 Rhf8 28. g4 Nc4 29.
Raa1 Nxe5 30. fxe5 Kd7 31. Re3 Rfc8 32. f4 c5 33. Rd3 cxd4 34. Rxd4 Rc4 35. Rad1 Rxd4 36. Rxd4 Rc8 37. Rb4 Kc6 38. Rd4 Rb8 39. f5 Kc5 40.
fxe6 fxe6 41. Rf4 Rb7 42. Rf8 b4 43. Rc8+ Kb5 44. cxb4 Kxb4 45. h4 Rd7 46. Rb8+ Ka5 47. Re8 d4 48. Rxe6 d3+ 49. Kd2 Kb4 50. Rb6+ Kc4 51. Rd6 Re7 52. e6 Kc5 53. Rxd3 Rxe6 54. Rc3+ Kb4 55. Re3 Rxe3 56. Kxe3 Kb3 0-1

[Event "Live Chess"]
[Site "Chess.com"]
[Date "2024.06.01"]
[Round "-"]
[White "nitrofish07"]
[Black "jellhhggffhjjjjjj"]
[Result "1-0"]
[WhiteElo "2095"]
[BlackElo "227"]
[TimeControl "300"]
[EndTime "13:52:05 PDT"]
[Termination "nitrofish07 won by checkmate"]

1. e4 d5 2. exd5 Nf6 3. d4 e6 4.
dxe6 Bxe6 5. Nf3 c6 6. c4 Nbd7 7. Nc3 Bb4 8. Be2 Qa5 9. Bd2 c5 10.
d5 Bf5 11. O-O O-O-O 12. a3 Bxc3 13. Bxc3 Qa6 14. b4 Rhe8 15. Re1 h5 16. a4 cxb4 17. Bxb4 Nb6 18. c5 Rxd5 19. Bxa6 Rxd1 20. Bxb7+ Kxb7 21. Raxd1 Rxe1+ 22. Rxe1 Bg4 23. cxb6 axb6 24. Re7+ Ka6 25. Rxf7 b5 26. axb5+ Kxb5 27. Be7 Ne4 28. Rxg7 Kc4 29. h3 Bxh3 30. gxh3 Nxf2 31. Kxf2 Kd5 32.
Rg5+ Ke6 33. Rxh5 Kxe7 34. Rg5 Kf6 35. h4 Kf7 36. h5 Kf6 37. h6 Ke6 38. h7 Kd6 39. h8=Q Kc6 40. Qd4 Kc7 41. Rc5+ Kb6 42. Qb4+ Ka6 43. Ra5# 1-0

[Event "Live Chess"]
[Site "Chess.com"]
[Date "2024.06.01"]
[Round "-"]
[White "Dhaydon19"]
[Black "blunderabit"]
[Result "1-0"]
[WhiteElo "2679"]
[BlackElo "1778"]
[TimeControl "300"]
[EndTime "13:52:12 PDT"]
[Termination "Dhaydon19 won on time"]

1. d3 Nf6 2. Nf3 e6 3. g3 b6 4. Bg2 Bb7 5. O-O c5 6. c4 Nc6 7.
Nc3 Rc8 8. Bf4 d6 9. Rc1 Be7 10. Qd2 O-O 11. Rfd1 Qd7 12. e4 Ne8 13. Bh3 Nc7 14. Nd5 Nxd5 15. exd5 Nd8 16. Re1 f5 17. dxe6 Nxe6 18. Bg2 Nxf4 19. Qxf4 Bf6 20. b3 g6 21. h4 Rce8 22. Kf1 Kg7 23. Ng5 Bxg2+ 24.
Kxg2 h6 25. Nf3 Qc6 26. Rxe8 Rxe8 27. Kf1 Be5 28. Nxe5 Qh1+ 29. Ke2 Qg2 30. Kd2 Rxe5 31. Re1 Kf6 32. d4 Re6 33. Rxe6+ Kxe6 34. d5+ Kd7 35. Qe3 1-0

[Event "Live Chess"]
[Site "Chess.com"]
[Date "2024.06.01"]
[Round "-"]
[White "kingside_rook"]
[Black "DylanMeyer1"]
[Result "1-0"]
[WhiteElo "2028"]
[BlackElo "1719"]
[TimeControl "300"]
[EndTime "13:52:14 PDT"]
[Termination "kingside_rook won by checkmate"]

1. e4 d5 2. exd5 Qxd5 3. Nc3 Qd6 4. Nb5 Qd8 5. d4 Nf6 6. c4 a6 7. Nc3 b6 8. d5 c6 9. Nf3 Bb7 10. Ne5 cxd5 11. cxd5 Nbd7 12. Nxf7 Kxf7 13. Bc4 b5 14. Bb3 Nc5 15. O-O Nxb3 16. Qxb3 Qd6 17. Bg5 h6 18. Bxf6 gxf6 19. Ne4 Qxd5 20. Nc5 Qxb3 21. axb3 Bd5 22. Nxa6 Bb7 23. Nc5 Rxa1 24. Rxa1 Bd5 25.
Ra5 Bxb3 26. Nxb3 Bg7 27. Rxb5 Rd8 28. g3 Rd3 29. Nc5 Rd2 30. Kg2 f5 31. b4 Bd4 32.
Nb3 Rxf2+ 33. Kg1 Be3 34. Re5 Rf3+ 35. Kg2 Rf2+ 36. Kh3 Bg5 37. Nc5 Bf6 38. Re3 Rb2 39.
Na6 e5 40. Rc3 Kg6 41. Rc6 Kg5 42. Nc5 e4 43. Ne6+ Kg6 44. Nf8+ Kg5 45. Nh7+ Kg6 46. Nxf6 Kg7 47. Nh5+ Kf7 48. Nf4 e3 49. Rxh6 e2 50. Re6 Rxb4 51. Rxe2 Re4 52. Rxe4 fxe4 53. Kg2 Kf6 54.
Kf2 Kf5 55. Ke3 Kg4 56. Kxe4 Kg5 57. h4+ Kg4 58. h5 Kxg3 59. h6 Kf2 60. h7 Ke1 61.
h8=Q Kd2 62. Qb2+ Ke1 63. Ng2+ Kd1 64. Ne3+ Ke1 65. Nf5 Kf1 66. Kf3 Kg1 67. Qg2# 1-0

[Event "Live Chess"]
[Site "Chess.com"]
[Date "2024.06.01"]
[Round "-"]
[White "kylet1990"]
[Black "Cimon"]
[Result "0-1"]
[WhiteElo "736"]
[BlackElo "1828"]
[TimeControl "300"]
[EndTime "13:52:26 PDT"]
[Termination "Cimon won by resignation"]

1. e4 c5 2. Nf3 Nc6 3. Bc4 e6 4. O-O g5 5. d3 h6 6. Nc3 g4 7. Nd2 Nf6 8. f3 Rg8 9. fxg4 Nxg4 10. h3 Nge5 11. Nf3 d6 12. Nxe5 Nxe5 13. Bf4 Bg7 14. Bxe5 Bxe5 15. Qd2 Qh4 16. Qf2 Qe7 17. Rae1 Bd4 18.
Re3 a6 19. Qf3 Bxe3+ 20. Qxe3 Qg5 21. Rf2 Qxe3 0-1

[Event "Live Chess"]
[Site "Chess.com"]
[Date "2024.06.01"]
[Round "-"]
[White "stevochess11"]
[Black "CarmelJane"]
[Result "0-1"]
[WhiteElo "1701"]
[BlackElo "2085"]
[TimeControl "300"]
[EndTime "13:52:41 PDT"]
[Termination "CarmelJane won by resignation"]

1. d4 g6 2. e4 Bg7 3. Nc3 c5 4. Be3 cxd4 5. Bxd4 e5 6. Be3 a6 7. Nf3 h6 8. Be2 Ne7 9. O-O O-O 10. Qd2 Kh7 11. Bd3 Nbc6 12. Nh4 Nb4 13. a3 Nxd3 14. cxd3 Nc6 15. f4 Qxh4 16. fxe5 Nxe5 17. Nd5 Ng4 18. Bf4 Bd4+ 19. Ne3 Bxe3+ 20. Qxe3 Nxe3 0-1

[Event "Live Chess"]
[Site "Chess.com"]
[Date "2024.06.01"]
[Round "-"]
[White "upoe610"]
[Black "Delacorta"]
[Result "1-0"]
[WhiteElo "2234"]
[BlackElo "1555"]
[TimeControl "300"]
[EndTime "13:52:43 PDT"]
[Termination "upoe610 won by resignation"]

1. e4 e6 2. d4 d5 3. Nc3 dxe4 4. Nxe4 Bd7 5. Nf3 Bc6 6. Bd3 Nd7 7. O-O Ngf6 8. Nxf6+ Nxf6 9. c3 Bxf3 10. Qxf3 c6 11. Bg5 Be7 12. Rae1 O-O 13. Qg3 Nd5 14. Qh4 g6 15. Bxe7 Qxe7 16. Qxe7 Nxe7 17. f4 f5 18. Rxe6 Kf7 19. Bc4 Nd5 20. Bxd5 cxd5 21. Rfe1 Rfd8 22. Re7+ Kf8 23. Rxb7 1-0

[Event "Live Chess"]
[Site "Chess.com"]
[Date "2024.06.01"]
[Round "-"]
[White "f4nomore"]
[Black "Tushinskiy"]
[Result "0-1"]
[WhiteElo "1213"]
[BlackElo "2268"]
[TimeControl "300"]
[EndTime "13:52:45 PDT"]
[Termination "Tushinskiy won by resignation"]

1. d4 d5 2. Nc3 c6 3. Nf3 Nf6 4. Bg5 Bg4 5. e3 Nbd7 6. Be2 Bxf3 7. Bxf3 e5 8. dxe5 Nxe5 9. Be2 Qb6 10. b3 Bb4 11. Qd2 Ne4 12. Nxd5 Bxd2+ 13. Kf1 cxd5 14.
c4 Nxg5 0-1

[Event "Live Chess"]
[Site "Chess.com"]
[Date "2024.06.01"]
[Round "-"]
[White "Zhevzh1k7"]
[Black "AndrewBak1"]
[Result "0-1"]
[WhiteElo "1098"]
[BlackElo "1848"]
[TimeControl "300"]
[EndTime "13:53:09 PDT"]
[Termination "AndrewBak1 won by resignation"]

1. e4 c5 2. Nf3 Nc6 3. d4 cxd4 4. Nxd4 Nf6 5. Nc3 e5 6. Nxc6 bxc6 7. Bg5 Be7 8. Bc4 O-O 9. O-O d6 10. Qf3 h6 11.
Bxf6 Bxf6 12. Rad1 Qc7 13. Ne2 Be6 14. Bxe6 fxe6 15.
Qc3 d5 16. exd5 exd5 17. Ng3 e4 18. Nf5 Bxc3 0-1

[Event "Live Chess"]
[Site "Chess.com"]
[Date "2024.06.01"]
[Round "-"]
[White "WelshTiger"]
[Black "chessfiction"]
[Result "1-0"]
[WhiteElo "2520"]
[BlackElo "2369"]
[TimeControl "300"]
[EndTime "13:53:13 PDT"]
[Termination "WelshTiger won by resignation"]

1. e4 d6 2. d4 Nf6 3. Nc3 c6 4. f4 Qa5 5. Bd3 e5 6. Nf3 Bg4 7. Be3 Nbd7 8. h3 Bh5 9. g4 exf4 10. Bxf4 Bg6 11. Qe2 O-O-O 12. O-O-O d5 13. e5 Ne4 14. Bxe4 dxe4 15. Nh4 Bb4 16. Bd2 Bxc3 17. Bxc3 Qxa2 18. Nxg6 hxg6 19. Qxe4 Nc5 20. Qf3 Na4 21. b3 Nxc3 22. Qxc3 Rd5 23. Qb2 Qxb2+ 24. Kxb2 Rhd8 25. Rhf1 Rxd4 26. Rxd4 Rxd4 27. Rxf7 Rd7 28. e6 Rd6 29.
Rf8+ 1-0

[Event "Live Chess"]
[Site "Chess.com"]
[Date "2024.06.01"]
[Round "-"]
[White "bobby_jamesFischer86"]
[Black "MagnersCarlsberg2870"]
[Result "1-0"]
[WhiteElo "1620"]
[BlackElo "1779"]
[TimeControl "300"]
[EndTime "13:53:17 PDT"]
[Termination "bobby_jamesFischer86 won by resignation"]

1. d4 Nf6 2. c4 e5 3. dxe5 Ne4 4. Nf3 Bb4+ 5. Bd2 Nxd2 6. Nbxd2 d6 7. exd6 Qxd6 8. a3 Bxd2+ 9. Qxd2 Qxd2+ 10. Nxd2 Be6 11. e3 Nc6 12. Be2 O-O-O 13. Rd1 Na5 14. O-O h5 15. b4 Nc6 16. Nf3 f6 17. Rxd8+ Rxd8 18. c5 g5 19. Rd1 Rg8 20. Nd4 Bf7 21. Nxc6 bxc6 22. Bf3 Be8 23. g3 g4 24. Bg2 a6 25.
Kf1 Rg5 26. Ke2 h4 27. Rd4 hxg3 28. hxg3 Re5 29. Kd3 Bg6+ 30. Kc3 a5 31. Bxc6 axb4+ 32. axb4 f5 33. Rd1 1-0

[Event "Live Chess"]
[Site "Chess.com"]
[Date "2024.06.01"]
[Round "-"]
[White "JohanKjeldahl"]
[Black "crais6"]
[Result "1/2-1/2"]
[WhiteElo "1863"]
[BlackElo "1636"]
[TimeControl "300"]
[EndTime "13:53:26 PDT"]
[Termination "Game drawn by repetition"]

1. e4 c5 2. Nf3 Nc6 3. d4 cxd4 4. Nxd4 e5 5. Nb5 d6 6. c4 Be6 7. N1c3 a6 8. Na3 Be7 9. Be2 Bg5 10. O-O Bxc1 11.
Rxc1 Nge7 12. Nd5 O-O 13. Nc2 f5 14. exf5 Bxf5 15. Nce3 Be4 16. f3 Bg6 17. Nxe7+ Qxe7 18. Nd5 Qf7 19. Qd2 Nd4 20. Bd3 Rac8 21. Bxg6 hxg6 22.
Rfe1 Kh7 23. Re4 Nf5 24. b3 b5 25. Nb6 Rc6 26. Qf2 Nd4 27. Nd5 bxc4 28. bxc4 Kg8 29. Qh4 Qxd5 30. cxd5 Rxc1+ 31. Kf2 Rc2+ 32. Ke3 Re2+ 33.
Kd3 Rxg2 34. Rxd4 Rxf3+ 35. Kc4 Rc2+ 36. Kb4 exd4 37. Qxd4 Rc5 38. Qg4 a5+ 39. Ka4 Rfc3 40. Qe6+ Kh7 41. Qxd6 R3c4+ 42. Ka3 Rc3+ 43. Kb2 Rc2+ 44.
Kb3 R2c3+ 45. Kb2 Rc2+ 46. Kb3 R2c3+ 47. Kb2 1/2-1/2

[Event "Live Chess"]
[Site "Chess.com"]
[Date "2024.06.01"]
[Round "-"]
[White "wadsy27"]
[Black "FMOlexandrProhorov"]
[Result "1-0"]
[WhiteElo "2546"]
[BlackElo "2343"]
[TimeControl "300"]
[EndTime "13:53:33 PDT"]
[Termination "wadsy27 won on time"]

1. d4 g6 2. c4 Bg7 3. Nf3 c5 4. d5 f5 5. Nc3 Nf6 6. h4 O-O 7. Be3 d6 8. Qd2 e6 9. Bg5 exd5 10. Nxd5 Be6 11. h5 Bxd5 12. Bxf6 Qxf6 13. Qxd5+ Rf7 14. hxg6 hxg6 15. Rb1 Nc6 16. e3 Nb4 17. Qd2 Re8 18. a3 Nc6 19. Be2 g5 20. g3 f4 21. gxf4 gxf4 22.
Qd3 fxe3 23. fxe3 Ne5 24. Nxe5 Qxe5 25. Kd2 Re6 26. Rh5 Qf6 27. Rd5 Bh6 28. Rg1+ Kh8 29. Kc2 Rxe3 30. Qd1 Bg7 31. Rxg7 Qxg7 32. Qd2 Qg6+ 33. Bd3 Qg3 34. Qc3+ Kg8 35. Rh5 Qg7 36. Qd2 Rxd3 37. Qxd3 Rf2+ 38. Kb3 Rxb2+ 39. Ka4 a6 40. Qd5+ Qf7 41. Rg5+ Kf8 42. Rf5 Rf2 43. Rxf7+ Rxf7 44. Qxd6+ Ke8 45. Qxc5 Rd7 46. Qe5+ Kd8 47. Qb8+ Ke7 48.
Ka5 Ke6 49. Kb6 Rd6+ 50. Kxb7 Rd4 51. Qc8+ 1-0

[Event "Live Chess"]
[Site "Chess.com"]
[Date "2024.06.01"]
[Round "-"]
[White "Silverback7829"]
[Black "booktrunk"]
[Result "0-1"]
[WhiteElo "960"]
[BlackElo "1397"]
[TimeControl "300"]
[EndTime "13:53:49 PDT"]
[Termination "booktrunk won by checkmate"]

1. d4 b6 2. Nf3 Bb7 3. Nc3 e6 4.
e3 h6 5. Bc4 Nf6 6. e4 Nxe4 7.
Nxe4 Bxe4 8. Qe2 Bb7 9. O-O Be7 10. Be3 O-O 11. b3 Nc6 12. Rad1 Qc8 13. d5 exd5 14.
Bxd5 Bd6 15. Bxc6 Bxc6 16. c4 Be5 17. Nxe5 Bb7 18. Qd3 d6 19. Ng4 Qxg4 20. g3 Qh3 21. Rfe1 Qg2# 0-1